 Dungeon Crawl Stone Soup version 0.28.0-49-g6dfe1f597d (webtiles) character file.

Game seed: 13575462427977172537

235 pkoi the Gusty (level 5, 0/38 HPs)
             Began as a Demigod Air Elementalist on May 19, 2022.
             Slain by a kobold brigand
             ... wielding a +2 dagger of speed
              (6 damage)
             ... on level 3 of the Dungeon.
             The game lasted 00:06:22 (4199 turns).

pkoi the Gusty (Demigod Air Elementalist)           Turns: 4199, Time: 00:06:23

Health: 0/38       AC:  3    Str:  9    XL:     5   Next: 47%
Magic:  0/10       EV: 12    Int: 21    God:
Gold:   140        SH:  0    Dex: 14    Spells: 1/7 levels left

rFire   . . .      SeeInvis .   f - +2 dagger (freeze)
rCold   . . .      Faith    .   (no shield)
rNeg    . . .      Spirit   .   a - +0 robe
rPois   .          Reflect  .   c - +0 helmet
rElec   .          Harm     .   (no cloak)
rCorr   .          Rampage  .   (no gloves)
Will    .....                   (no boots)
Stlth   ++........              (no amulet)
HPRegen 0.12/turn               (no ring)
MPRegen 0.12/turn               (no ring)

@: slowed, very slow
A: high MP 1, forlorn, divine attributes
a: no special abilities


You were on level 3 of the Dungeon.
You visited 1 branch of the dungeon, and saw 3 of its levels.

You collected 140 gold pieces.

Inventory:

Hand Weapons
 d - a +0 dagger
 f - a +2 dagger of freezing (weapon)
 g - a +2 vorpal hand axe
Armour
 a - a +0 robe (worn)
 c - a +0 helmet (worn)
Scrolls
 b - a scroll of blinking {unknown}
Potions
 e - a potion of flight
 h - a potion of cancellation
 i - a potion of heal wounds
 k - a potion of degeneration {unknown}


   Skills:
 - Level 1.8 Dodging
 - Level 1.8 Stealth
 + Level 2.1 Unarmed Combat
 - Level 1.8 Spellcasting
 - Level 3.0 Conjurations
 * Level 4.4 Air Magic


You had one spell level left.
You knew the following spells:

 Your Spells              Type           Power      Damage    Failure   Level
a - Shock                 Conj/Air       68%        1d7       3%          1
b - Static Discharge      Conj/Air       17%        N/A       4%          2
c - Swiftness             Air            20%        N/A       8%          3

Your spell library contained the following spells:

 Spells                   Type           Power      Damage    Failure   Level
 Ensorcelled Hibernation  Hex/Ice        2%         N/A       22%         2
 Passwall                 Tmut/Erth      0%         N/A       22%         2
 Airstrike                Air            10%        N/A       24%         4
 Tukima's Dance           Hex            1%         N/A       41%         3
 Passage of Golubria      Tloc           1%         N/A       83%         4
 Yara's Violent Unravell  Hex/Tmut       0%         3d3       99%         5


Dungeon Overview and Level Annotations

Branches:
Dungeon (3/15)

Shops:
D:2 [*[


Innate Abilities, Weirdness & Mutations

You have an increased reservoir of magic. (+10% MP)
You shall have no god before yourself.
Your divine heritage dramatically boosts your attributes as you level up.


Message History

The kobold brigand throws a curare-tipped dart.
The curare-tipped dart hits you.
You are lethally poisoned!
You have difficulty breathing.
* * * LOW HITPOINT WARNING * * *
You feel as though you will be slow longer.
The kobold brigand throws a poisoned dart.
The poisoned dart closely misses you.
You feel better.
Casting: Shock (safe; 3% risk of failure)
Confirm with . or Enter, or press ? or * to list all spells.
The kobold brigand is struck by an arc of lightning!
You kill the kobold brigand!
The kobold brigand is struck by an arc of lightning.
The kobold brigand is moderately wounded.
The lightning grounds out.
The kobold brigand is struck by an arc of lightning.
The kobold brigand is heavily wounded.
You are struck by an arc of lightning.
* * * LOW HITPOINT WARNING * * *
The lightning grounds out.
The kobold brigand completely misses you.
The kobold brigand hits you with a +2 dagger of speed.
* * * LOW HITPOINT WARNING * * *
Training target 3.0 for Conjurations reached!
Your Unarmed Combat skill increases to level 2!
Your Conjurations skill increases to level 3!
Your Air Magic skill increases to level 4!
Casting: Static Discharge (safe; 4% risk of failure)
Confirm with . or Enter, or press ? or * to list all spells.
You don't have enough magic to cast this spell.
Unknown command.
Unknown command.
Aiming: Shock (safe; 3% risk of failure)
Press: ? - help, Q - select action, (/) - cycle Shift-Dir - straight line The zap misses the kobold brigand. x2
The kobold brigand hits you with a +2 dagger of speed!
* * * LOW HITPOINT WARNING * * *
The kobold brigand hits you with a +2 dagger of speed.
You die...

#.##...# #.....#.#.....#.......
#.##...# #.....#.##.##.#.......
#.##...# ###...................
..##...######≈≈≈.#..#.#..).......
#########≈≈≈≈≈≈≈≈≈..#.#..#.<.....
.))######≈≈≈≈≈≈≈≈........#.....
........###≈≈≈#####.#..###....#
###.......#####.....#..###....#
######.....)@.....#..#......'
###...K.###.....#.#..).# #######
#.###.....)..' #.# #.#.#....# #.#
#......... #.###..#######
#.##...####.## #.##........##
#.##.#.####.##


You could see a kobold brigand.

Vanquished Creatures
  A kobold brigand (D:3)
  Natasha (D:2)
  Robin (D:2)
  4 gnolls (D:3)
  An adder (D:2)
  2 dart slugs
  2 orcs (D:3)
  6 endoplasms
  2 giant cockroaches
  13 goblins
  6 hobgoblins (D:1)
  2 jackals (D:3)
  2 quokkas (D:3)
  6 ball pythons
  8 bats
  4 frilled lizards
  10 kobolds
  7 rats
78 creatures vanquished.

Vanquished Creatures (others)
  A jackal (D:3)
1 creature vanquished.

Grand Total: 79 creatures vanquished

Notes
Turn   | Place    | Note
-------+----------+-------------------------------------------
     0 | D:1      | pkoi the Demigod Air Elementalist began the quest for the
                  | Orb.
     0 | D:1      | Reached XP level 1. HP: 14/14 MP: 5/5
    53 | D:1      | Reached skill level 1 in Conjurations
   418 | D:1      | Reached XP level 2. HP: 20/20 MP: 2/7
   610 | D:1      | Learned a level 2 spell: Static Discharge
   701 | D:1      | Reached skill level 3 in Air Magic
   887 | D:1      | Reached skill level 1 in Unarmed Combat
  1413 | D:2      | Reached XP level 3. HP: 25/26 MP: 4/8
  1778 | D:2      | Found Kimu Buysij's Armour Boutique.
  1990 | D:2      | Found Moong's General Store.
  2020 | D:2      | Found Girghicumm's Armour Shop.
  2102 | D:2      | Noticed Natasha
  2110 | D:2      | Killed Natasha
  2116 | D:2      | Noticed Robin
  2136 | D:1      | Reached XP level 4. HP: 14/33 MP: 9/9
  2613 | D:2      | Killed Robin
  3391 | D:3      | Identified the +0 scale mail "Lusubiwimo" {rPois rF- Will++
                  | Dex+3}
  3684 | D:3      | Learned a level 3 spell: Swiftness
  4048 | D:3      | Reached XP level 5. HP: 38/38 MP: 7/10
  4199 | D:3      | Reached skill level 4 in Air Magic
  4199 | D:3      | Slain by a kobold brigand

Illustrated notes

Levels and vault maps discovered:
D:1:      lightli_arrival_maybe_door_vault, layout_rooms
D:2:      mumra_celtic_spiral_tile, layout_loops_ring, basic_altar,
          serial_shops, nicolae_shop_window_shopping,
          nicolae_shop_window_shopping, nicolae_shop_crystal, uniq_robin,
          uniq_natasha
D:3:      cheibrodos_thug_alley, layout_basic, nicolae_hepliaklqana_hazy_memory,
          general_overflow_altar, lemuel_flame_loot_1

Skill      XL: |  1  2  3  4  5 |
---------------+----------------+-----
Conjurations   | 1 2 3 |  3.0
Air Magic      | 3 4 |  4.4
Unarmed Combat | 1 2 |  2.1
Dodging        | |  1.8
Stealth        | |  1.8
Spellcasting   | |  1.8

Action                   |  1- 3 |  4- 6 || total
-------------------------+-------+-------++-------
Melee: Unarmed           |    13 |       ||    13
       Dagger            |    17 |     2 ||    19
 Cast: Shock             |    67 |    74 ||   141
       Static Discharge  |       |     1 ||     1
  Use: Scroll            |     5 |     1 ||     6
       Potion            |       |     2 ||     2
 Stab: Sleeping          |     2 |       ||     2
Armor: Robe              |    10 |     1 ||    11
Dodge: Dodged            |    31 |    10 ||    41
